 Dungeon Crawl Stone Soup version 0.19.5 (webtiles) character file.

579 StormFighter the Ruffian (level 7, -1/52 HPs)
             Began as a Black Draconian Transmuter on July 14, 2017.
             Slain by an ogre
             ... wielding a +0 giant spiked club
              (34 damage)
             ... on level 4 of the Dungeon.
             The game lasted 00:09:20 (4135 turns).

StormFighter the Ruffian (DrTm)                     Turns: 4135, Time: 00:09:21

Health: -1/52      AC:  2    Str: 12    XL:     7   Next: 13%
Magic:  5/10       EV: 19    Int: 16    God:
Gold:   137        SH:  0    Dex: 16    Spells: 3 memorised, 4 levels left

rFire  . . .     SeeInvis .       - Unarmed
rCold  . . .     Gourm    .     (armour unavailable)
rNeg   . . .     Faith    .     (shield currently unavailable)
rPois  x         Spirit   .     (helmet currently unavailable)
rElec  .         Reflect  .     (cloak currently unavailable)
rCorr  .         Harm     .     (gloves currently unavailable)
MR     .....                    (boots currently unavailable)
Stlth  +.........               (no amulet)
                                (no ring)
                                (no ring)

@: spider-form
A: (breathe lightning), unfitting armour, (electricity resistance),
(cold-blooded), AC +6
a: End Transformation


You were on level 4 of the Dungeon.
You were very hungry.
You were a venomous arachnid creature.
You visited 1 branch of the dungeon, and saw 4 of its levels.

You collected 137 gold pieces.

Inventory:

Missiles
 a - 32 arrows
Jewellery
 d - an uncursed ring of wizardry {unknown}
 i - a +6 amulet of reflection {unknown}
 q - an uncursed amulet of rage {unknown}
 s - an uncursed amulet of magic regeneration {unknown}
 u - an uncursed amulet of rage {unknown}
 v - an uncursed ring of wizardry {unknown}
 x - a +4 ring of evasion {unknown}
 y - an uncursed amulet of the gourmand {unknown}
Wands
 r - a wand of teleportation (2/9)
Scrolls
 e - 3 scrolls of identify {unknown}
 f - a scroll of fog {unknown}
 h - 4 scrolls of recharging {unknown}
 j - a scroll of enchant armour {unknown}
 m - 2 scrolls of magic mapping {unknown}
 t - 3 scrolls of noise {unknown}
 w - 3 scrolls of remove curse {unknown}
 z - a scroll of amnesia {unknown}
Potions
 g - 3 potions of curing {unknown}
 k - a potion of cancellation {unknown}
 l - a potion of mutation {unknown}
 n - a potion of haste {unknown}
 o - 2 potions of resistance {unknown}
Books
 b - a book of Changes

   Spells                             Type                      Level
   a - Beastly Appendage              Transmutation                1
   b - Sticks to Snakes               Transmutation                2
   c - Spider Form                    Transmutation/Poison         3
   d - Ice Form                       Ice/Transmutation            4
   e - Blade Hands                    Transmutation                5
Comestibles
 c - 4 bread rations
 p - 2 beef jerkies


   Skills:
 - Level 1.1 Fighting
 - Level 1.7 Dodging
 + Level 6.9 Unarmed Combat
 - Level 2.0 Spellcasting
 + Level 4.7 Transmutations


You had 4 spell levels left.
You knew the following spells:

 Your Spells              Type           Power        Failure   Level  Hunger
a - Beastly Appendage     Tmut           ###...       12%         1    #......
b - Sticks to Snakes      Tmut           ###.....     17%         2    ###....
c - Spider Form           Tmut/Pois      #.........   50%         3    ###....


Dungeon Overview and Level Annotations

Branches:
Dungeon (4/15)
 Temple: D:4-7

Altars:

Annotations:
D:2 exclusion: downstairs


Innate Abilities, Weirdness & Mutations

((You can breathe wild blasts of lightning.))
((Your glossy black scales are hard. (AC +6)))
You cannot fit into any form of body armour.
((You are resistant to electric shocks. (rElec)))
((You are cold-blooded and may be slowed by cold attacks.))


Message History

You turn into a venomous arachnid creature.
You are feeling very hungry.
Something hits you. Something closely misses you.
You closely miss something. Something hits you.
You barely miss something. The ogre closely misses you.
Something barely misses you.
You hit something. Something hits you. The ogre misses you.
Something closely misses you.
You hit the ogre.
The ogre is lightly wounded.
Something hits you but does no damage.
You completely miss the ogre.
The ogre is lightly wounded.
The orc barely misses you.
You hear some strange, mumbled words.
A magic dart appears from out of thin air!
The magic dart hits you!
The ogre hits you with a giant spiked club!!
Ouch! That really hurt!
You die...

........#
........##########
.................#
....>............#
#######..........###.
#####.............
....#.........##
#<......o...#
##.....s{[.)#
##....)O...#
#............
#<............
######...##...
##...#... .#...#.
.#...# .. ...


You could see an ogre and an orc.

Vanquished Creatures
  Grinder (D:3)
  Sigmund (D:3)
  2 orc priests
  An orc wizard (D:4)
  Natasha (twice) (D:3)
  An adder (D:2)
  A gnoll (D:1)
  2 oozes
  5 worms
  7 orcs
  A ball python (D:2)
  5 goblins
  10 hobgoblins
  6 jackals
  A quokka (D:4)
  3 bats
  3 frilled lizards
  9 kobolds
  A quokka skeleton (D:4)
  10 rats
  A bush (D:1)
73 creatures vanquished.

Notes
Turn   | Place    | Note
-------+----------+-------------------------------------------
     0 | D:1      | StormFighter the Draconian Transmuter began the quest for the Orb.
     0 | D:1      | Reached XP level 1. HP: 16/16 MP: 3/3
   115 | D:1      | Reached XP level 2. HP: 8/23 MP: 3/5
   369 | D:1      | Learned a level 2 spell: Sticks to Snakes
   642 | D:1      | Reached skill level 4 in Unarmed Combat
   827 | D:1      | Reached XP level 3. HP: 22/28 MP: 0/6
  2324 | D:2      | Reached XP level 4. HP: 32/35 MP: 5/7
  2549 | D:3      | Noticed Sigmund
  2636 | D:3      | Reached skill level 5 in Unarmed Combat
  3264 | D:3      | Learned a level 3 spell: Spider Form
  3279 | D:3      | Noticed Natasha
  3285 | D:3      | Noticed Grinder
  3285 | D:3      | Paralysed by Grinder for 6 turns
  3489 | D:3      | Killed Sigmund
  3489 | D:3      | Reached XP level 5. HP: 24/40 MP: 4/8
  3716 | D:3      | Killed Natasha
  3716 | D:3      | Reached skill level 6 in Unarmed Combat
  3716 | D:3      | Reached XP level 6. HP: 22/47 MP: 6/9
  3718 | D:3      | Noticed Natasha
  3743 | D:3      | Paralysed by Grinder for 5 turns
  3753 | D:3      | Killed Grinder
  3758 | D:3      | Killed Natasha
  4038 | D:3      | Your scales start taking on a glossy black colour.
  4038 | D:3      | Reached XP level 7. HP: 52/52 MP: 8/10
  4038 | D:3      | Gained mutation: You are resistant to electric shocks. (rElec) [Black Draconian growth]
  4135 | D:4      | Slain by an ogre

Skill      XL: |  1  2  3  4  5  6 |
---------------+-------------------+-----
Unarmed Combat | 4 5 6 |  6.9
Transmutations | 3 4 |  4.7
Fighting       | |  1.1
Dodging        | |  1.7
Spellcasting   | |  2.0

Action                   |  1- 3 |  4- 6 |  7- 9 || total
-------------------------+-------+-------+-------++-------
Melee: Unarmed           |   261 |   104 |    27 ||   392
       Kick              |    28 |     6 |       ||    34
       Tailslap          |    41 |    13 |       ||    54
       Punch             |     2 |       |       ||     2
       Headbutt          |    22 |     3 |       ||    25
 Cast: Beastly Appendage |    37 |    14 |       ||    51
       Sticks to Snakes  |     2 |     2 |       ||     4
       Spider Form       |       |     4 |     3 ||     7
  Use: Potion            |       |     1 |       ||     1
 Stab: Sleeping          |     1 |       |       ||     1
  Eat: Chunk             |     1 |     6 |       ||     7
       Meat ration       |     1 |       |       ||     1
Armor: Skin              |    36 |    24 |     4 ||    64
Dodge: Dodged            |    70 |    44 |    21 ||   135
